 Dungeon Crawl Stone Soup version 0.31-a0-868-g674d60d6f7 (webtiles) character file.

Game seed: 7436647064556373653

1215 kae the Vexing (level 8, -1/87 HPs)
             Began as a Demonspawn Enchanter on Oct 11, 2023.
             Slain by an iguana (10 damage)
             ... on level 5 of the Dungeon.
             The game lasted 00:07:18 (6305 turns).

kae the Vexing (Demonspawn Enchanter)               Turns: 6305, Time: 00:07:19

Health: -1/87      AC: 24    Str:  9    XL:     8   Next: 22%
Magic:  9/13       EV:  2    Int: 19    God:
Gold:   231        SH:  0    Dex: 13    Spells: 2/13 levels left

rFire   . . .        r - +4 short sword
rCold   . . .        (no shield)
rNeg    . . .        b - melded +0 robe
rPois   +            (helmet currently unavailable)
rElec   .            q - melded +2 cloak
rCorr   .            (gloves currently unavailable)
SInv    .            (boots currently unavailable)
Will    .....        (no amulet)
Stlth   +++          (no ring)
HPRegen 0.34/turn    (no ring)
MPRegen 0.13/turn

%: no passive effects
@: lethally poisoned (-1 -> -9), tree-form, very slightly contaminated
A: stationary, stasis, torment immunity, boosted hp, ignite blood 2, (weakness
stinger 1)
a: no special abilities


You were on level 5 of the Dungeon.
You were a tree.
You visited 1 branch of the dungeon, and saw 5 of its levels.
You also visited: Sewer.

You collected 231 gold pieces.


Innate Abilities, Weirdness & Mutations

You are a tree.
Your roots penetrate the ground, keeping you stationary.
You cannot be teleported.
You are immune to unholy pain and torment.
Your maximum health is greatly increased.
Your equipment is partially melded.
Your demonic aura often causes spilled blood to erupt in flames.
((You have a small tail.))


   Skills:
 + Level 3.1 Fighting
 * Level 4.3 Short Blades
 + Level 3.3 Dodging
 + Level 4.1 Stealth
 + Level 3.4 Spellcasting
 * Level 5.4 Hexes
 + Level 2.6 Ice Magic


You had 2 spell levels left.
You knew the following spells:

 Your Spells              Type           Power      Damage    Failure   Level
a - Ensorcelled Hibernat  Hex/Ice        36%        N/A       4%          2
b - Confusing Touch       Hex            24%        N/A       4%          3
c - Tukima's Dance        Hex            24%        N/A       4%          3
d - Dazzling Flash        Conj/Hex       26%        N/A       14%         3

Your spell library contained the following spells:

 Spells                   Type           Power      Damage    Failure   Level
 Kiss of Death            Conj/Necr      12%        2d6       14%         1
 Magic Dart               Conj           12%        1d3       14%         1
 Searing Ray              Conj           6%         2d4       22%         2
 Sublimation of Blood     Necr           3%         N/A       22%         2
 Wereblood                Tmut           3%         N/A       22%         2
 Hailstorm                Conj/Ice       8%         3d4       26%         3
 Fulminant Prism          Conj/Hex       6%         3d7       43%         4
 Summon Ice Beast         Ice/Summ       8%         N/A       63%         4
 Dispel Undead            Necr           3%         3d7       82%         4
 Simulacrum               Ice/Necr       4%         N/A       100%        6
 Summon Hydra             Summ           1%         N/A       100%        7

Inventory:

Hand Weapons
 a - a +1 dagger
 r - a +4 short sword (weapon)
   (You took it off a kobold on level 3 of the Dungeon)
Missiles
 c - a curare-tipped dart {=f}
 d - 45 stones
 g - 8 boomerangs
 h - 14 poisoned darts
Armour
 b - a +0 robe (melded)
 q - a +2 cloak (melded)
   (You found it on level 3 of the Dungeon)
Magical Staves
 e - a staff of earth {!a}
   (You found it on level 1 of the Dungeon)
 j - a staff of death {!a}
   (You found it on level 2 of the Dungeon)
Jewellery
 m - the ring of Biryimau {rCorr Str+3}
   (You found it on level 5 of the Dungeon)

   [ring of resist corrosion]

   Str+3:     It affects your strength (+3).
   rCorr:     It protects you from acid and corrosion.
 C - a ring of ice
   (You found it on level 3 of the Dungeon)
 D - a +6 ring of dexterity
   (You found it on level 5 of the Dungeon)
 G - an amulet of guardian spirit
   (You found it on level 5 of the Dungeon)
Wands
 p - a wand of digging (2)
   (You found it on level 3 of the Dungeon)
Scrolls
 l - 2 scrolls of identify {@r1}
 n - a scroll of fear
Potions
 f - a potion of attraction {!q}
 i - a potion of brilliance
 k - 3 potions of might

Dungeon Overview and Level Annotations

Branches:
Dungeon (5/15) Zot: 24995   Sewer (visited)
 Temple: D:4-7

Altars:

Annotations:
D:4 1 runed translucent door, AceOff's ghost, amateur DsFi

##### ##.# ##..## #..#
##.# ##.#### #.##
#########.....# ##.#
........#.###.# #.#
..........###.###### ###
#..
.........[##...#...#...#
##.
..........##.⌠...⌠...⌠.#
#.
..........##...#♣..#...
#. ..........#######l##
####. ...........# o.#
##.##. ...........# o...
#..... ..........##
..#.. #..... .........##
.##### ##.#.. .........#
.. ###.† ... ⌠.
########.. .. #....##...


You could see an iguana, an orc priest and an orc.


Message History

😎 HP[+25] MP[+3]
Your hp is fully restored (58).
Your mp is fully restored (13).
No target in view!
No target in view!
d - 45 stones (gained 4)
A killer bee comes into view.
An iguana comes into view.
The killer bee buzzes angrily.
The iguana hisses angrily.
You hear an angry buzzing noise.
You hear a shout! x2
There are monsters nearby!
You miss the killer bee. The killer bee stings you.
You are poisoned.
The killer bee poisons you!
You hit the killer bee.
You feel sick.
A killer bee comes into view.
The killer bee closely misses you. The killer bee stings you.
The killer bee moves out of view. 😕 HP[-12]
You take 12 damage, and now have 46/58 hp.
MASSIVE DAMAGE!! (PAUSE) Unknown command.
Unknown command.
Casting: Confusing Touch (dangerous; 4% risk of failure)
Confirm with . or Enter, or press ? or * to list all spells.
Aiming: Ensorcelled Hibernation (safe; 4% risk of failure)
Press: ? - help, Shift-Dir - straight line, f - killer bee
Aim: a killer bee (lightly wounded, chance to affect: 60%)
The killer bee looks drowsy...
You feel sick. 😕 HP[-1] MP[-2]
You take 1 damage, and now have 45/58 hp.
You lost 2 mp, and now have 11/13 mp.
Unknown command.
The helpless killer bee fails to defend itself.
You impale the killer bee!!
You kill the killer bee!
You feel sick.
You miss the killer bee. The killer bee barely misses you.
The killer bee stings you. 😮 HP[-4]
You take 4 damage, and now have 41/58 hp.
Unknown command.
You barely miss the killer bee.
You feel sick. The killer bee stings you.
The killer bee barely misses you. 😮 HP[-3]
You take 3 damage, and now have 38/58 hp.
Casting: Ensorcelled Hibernation (safe; 4% risk of failure)
Confirm with . or Enter, or press ? or * to list all spells.
You miscast Confusing Touch.
You are very lightly contaminated with residual magic.
Nothing appears to happen.
You feel sick. The killer bee stings you.
You are more poisoned.
The killer bee poisons you!
The killer bee stings you but does no damage. 😮 HP[-6] MP[-3]
You take 6 damage, and now have 32/58 hp.
You lost 3 mp, and now have 8/13 mp.
You hit the killer bee.
You feel sick. The killer bee misses you. 😮 HP[-1]
You take 1 damage, and now have 31/58 hp.
You hit the killer bee.
You feel sick.
You hear a shout!
The killer bee barely misses you.
The killer bee stings you but does no damage.
You hear a shout! 😨 HP[-2]
You take 2 damage, and now have 29/58 hp.
Unknown command.
You hit the killer bee.
You feel sick.
You hear a shout!
The killer bee stings you.
* * * LOW HITPOINT WARNING * * *
You are more poisoned.
The killer bee poisons you! 😨 HP[-4]
You take 4 damage, and now have 25/58 hp.
You hit the killer bee.
You kill the killer bee!
You feel very sick.
An orc priest comes into view.
It is wielding a +0 mace. 😨 HP[-3] MP[+1]
You take 3 damage, and now have 22/58 hp.
Unknown command.
You hit the iguana.
You feel very sick. The iguana closely misses you.
The orc priest mumbles some strange prayers to Beogh against you.
Beogh smites you!
* * * LOW HITPOINT WARNING * * *
The killer bee buzzes angrily. 😱 HP[-14]
You take 14 damage, and now have 8/58 hp.
MASSIVE DAMAGE!! (PAUSE) It was a potion of lignification.
You turn into a tree.
Your +2 cloak melds into your body.
Your +0 robe melds into your body.
Your roots penetrate the ground.
* * * LOW HITPOINT WARNING * * *
You feel very sick.
An orc comes into view.
It is wielding a +0 whip and wearing a +1 scale mail of cold resistance.
The iguana bites you!
You die...

Skill      XL: |  1  2  3  4  5  6  7  8 |
---------------+-------------------------+-----
Short Blades   | 1 2 3 4 |  4.3
Dodging        | 2 3 |  3.3
Fighting       | 1 2 3 |  3.1
Stealth        | 3 4 |  4.1
Ice Magic      | 1 2 |  2.6
Hexes          | 4 5 |  5.4
Spellcasting   | 3 |  3.4

Action                     |  1- 3 |  4- 6 |  7- 9 || total
---------------------------+-------+-------+-------++-------
  Melee: Dagger            |   161 |     2 |       ||   163
         Short sword       |       |   196 |    94 ||   290
         Tailslap          |       |    15 |     9 ||    24
         Punch             |       |     3 |     1 ||     4
   Cast: Ensorcelled Hiber |    10 |    20 |    10 ||    40
         Confusing Touch   |       |       |     1 ||     1
    Use: Scroll            |       |     8 |       ||     8
         Potion            |       |     7 |     1 ||     8
   Stab: Sleeping          |    16 |    16 |     9 ||    41
         Invisible         |       |     2 |       ||     2
 Armour: Robe              |    68 |   134 |    63 ||   265
         Skin              |       |       |     1 ||     1
  Dodge: Dodged            |    99 |   106 |    75 ||   280

Levels and vault maps discovered:
D:1:      nzn_arrival_settlement, layout_basic, chequers_decorated_corner
D:2:      layout_loops_ring
D:3:      layout_basic, ebering_ecumenical_altar_mist, kennysheep_path_1,
          dreamdust_princess_bridge
D:4:      layout_basic, ebering_ghost_reflecting_pool, gup_sewer_entry_bowl,
          serial_bayou_lagoon_a, minivault_27, kennysheep_generic_room_9
D:5:      layout_cave_pods, minmay_temple_entry_nine_rooms

Notes
Turn   | Place    | Note
-------+----------+-------------------------------------------
     0 | D:1      | kae the Demonspawn Enchanter began the quest for the Orb.
     0 | D:1      | Reached XP level 1. HP: 13/13 MP: 3/3
     0 | D:1      | magus.rc [v1.11.3]
    77 | D:1      | Reached skill level 1 in Short Blades
   205 | D:1      | HP: 3/13 [kobold/+0 dagger (3)]
   212 | D:1      | HP: 3/13 [kobold/+0 whip (1)]
   338 | D:1      | Gained mutation: Your demonic aura sometimes causes spilled
                  | blood to erupt in flames. [demonic ancestry]
   338 | D:1      | Reached XP level 2. HP: 19/19 MP: 5/5
   341 | D:1      | Learned a level 2 spell: Ensorcelled Hibernation
   528 | D:1      | Reached skill level 2 in Dodging
   860 | D:1      | Reached XP level 3. HP: 21/25 MP: 6/6
   930 | D:1      | Learned a level 3 spell: Confusing Touch
  1601 | D:2      | Reached skill level 1 in Fighting
  1969 | D:3      | Reached XP level 4. HP: 22/32 MP: 2/7
  2178 | D:3      | Found a faded altar of an unknown god.
  2201 | D:3      | Reached skill level 2 in Short Blades
  2201 | D:3      | Reached skill level 3 in Stealth
  2210 | D:3      | Reached skill level 1 in Ice Magic
  2542 | D:3      | Gained mutation: You have a small tail. [demonic ancestry]
  2542 | D:3      | Reached XP level 5. HP: 35/37 MP: 8/8
  2844 | D:3      | Learned a level 3 spell: Tukima's Dance
  2906 | D:4      | Found a glowing drain.
  2910 | Sewer    | Entered a sewer
  3068 | Sewer    | HP: 9/37 [kobold brigand/+0 short sword (8)]
  3070 | Sewer    | HP: 3/37 [frozen (5)]
  3075 | Sewer    | HP: 7/37 [frozen (1)]
  3076 | Sewer    | HP: 3/37 [frozen (5)]
  3403 | Sewer    | Reached skill level 4 in Hexes
  3547 | Sewer    | HP: 8/38 [kobold brigand/+0 short sword (3)]
  3553 | Sewer    | HP: 3/38 [kobold brigand/+0 short sword (5)]
  3556 | Sewer    | Gained mutation: Your demonic aura often causes spilled
                  | blood to erupt in flames. [demonic ancestry]
  3556 | Sewer    | Reached XP level 6. HP: 4/44 MP: 7/10
  3782 | Sewer    | Reached skill level 2 in Fighting
  3782 | Sewer    | Reached skill level 3 in Short Blades
  4254 | D:4      | You pick up a book of Blood and begin reading...
  4254 | D:4      | You add the spells Sublimation of Blood, Wereblood and
                  | Summon Hydra to your library.
  4741 | D:4      | HP: 11/44 [orc priest/divine providence (15)]
  4751 | D:4      | HP: 1/44 [orc/+0 flail (8)]
  4793 | D:4      | HP: 10/44 [endoplasm (2)]
  4945 | D:4      | Reached XP level 7. HP: 36/50 MP: 8/11
  5039 | D:4      | Found a runed translucent door.
  5044 | D:4      | Noticed AceOff's ghost (amateur DsFi)
  5135 | D:4      | You pick up a book of Conjurations and begin reading...
  5135 | D:4      | You add the spells Magic Dart, Searing Ray and Fulminant
                  | Prism to your library.
  5138 | D:4      | You pick up a book of the Tundra and begin reading...
  5138 | D:4      | You add the spells Hailstorm, Summon Ice Beast and
                  | Simulacrum to your library.
  5372 | D:4      | Learned a level 3 spell: Dazzling Flash
  5394 | D:5      | Entered Level 5 of the Dungeon
  5422 | D:5      | Reached skill level 3 in Spellcasting
  5422 | D:5      | Reached skill level 2 in Ice Magic
  5562 | D:5      | Identified the ring of Biryimau {rCorr Str+3}
  5698 | D:5      | Reached skill level 3 in Dodging
  5772 | D:5      | Reached skill level 5 in Hexes
  5849 | D:5      | Reached skill level 4 in Short Blades
  5849 | D:5      | Reached skill level 4 in Stealth
  5967 | D:5      | Reached XP level 8. HP: 48/57 MP: 11/13
  6162 | D:5      | Reached skill level 3 in Fighting
  6268 | D:5      | You pick up a book of Touch and begin reading...
  6268 | D:5      | You add the spells Kiss of Death and Dispel Undead to your
                  | library.
  6304 | D:5      | HP: 8/58 [orc priest/divine providence (12)]
  6305 | D:5      | Slain by an iguana

Vanquished Creatures
  3 black bears (D:5)
  3 kobold brigands (Sewer)
  A scorpion (D:5)
  4 killer bees (D:5)
  A howler monkey (D:5)
  A hound (D:4)
  3 orc priests
  3 orc wizards (D:5)
  3 river rats (Sewer)
  6 adders
  A white imp (D:5)
  2 ufetubi
  A dart slug (D:4)
  25 orcs
  10 ball pythons
  14 endoplasms
  3 giant cockroaches
  13 goblins
  6 hobgoblins
  2 jackals (D:2)
  21 kobolds
  3 quokkas
  10 bats
  4 frilled lizards
  8 rats
151 creatures vanquished.

Table legend:
 A = Non-vault XP
 B = Vault XP
 C = Vault XP percentage of total XP
 D = Non-vault monster count
 E = Vault monster count
 F = Vault count percentage of total count
                 A         B        C        D         E       F
            +---------+---------+-------+---------+---------+-------
      Total |    1321 |     416 |  23.9 |     118 |      33 |  21.9
            +---------+---------+-------+---------+---------+-------
        D:1 |      44 |       0 |   0.0 |      28 |       0 |   0.0
        D:2 |      32 |       0 |   0.0 |      19 |       0 |   0.0
        D:3 |     123 |       0 |   0.0 |      23 |       0 |   0.0
        D:4 |     177 |       8 |   4.3 |      27 |       5 |  15.6
        D:5 |     945 |       0 |   0.0 |      21 |       0 |   0.0
      Sewer |       0 |     408 | 100.0 |       0 |      28 | 100.0
            +---------+---------+-------+---------+---------+-------

Skill      XL: |  1  2  3  4  5  6  7  8 |
---------------+-------------------------+-----
Short Blades   | 1 2 3 4 |  4.3
Dodging        | 2 3 |  3.3
Fighting       | 1 2 3 |  3.1
Stealth        | 3 4 |  4.1
Ice Magic      | 1 2 |  2.6
Hexes          | 4 5 |  5.4
Spellcasting   | 3 |  3.4

Action                     |  1- 3 |  4- 6 |  7- 9 || total
---------------------------+-------+-------+-------++-------
  Melee: Dagger            |   161 |     2 |       ||   163
         Short sword       |       |   196 |    94 ||   290
         Tailslap          |       |    15 |     9 ||    24
         Punch             |       |     3 |     1 ||     4
   Cast: Ensorcelled Hiber |    10 |    20 |    10 ||    40
         Confusing Touch   |       |       |     1 ||     1
    Use: Scroll            |       |     8 |       ||     8
         Potion            |       |     7 |     1 ||     8
   Stab: Sleeping          |    16 |    16 |     9 ||    41
         Invisible         |       |     2 |       ||     2
 Armour: Robe              |    68 |   134 |    63 ||   265
         Skin              |       |       |     1 ||     1
  Dodge: Dodged            |    99 |   106 |    75 ||   280

Illustrated notes

Table legend:
 A = Kills in this place as a percentage of kills in the entire game.
 B = Kills by you in this place as a percentage of kills by you in the entire game.
 C = Kills by friends in this place as a percentage of kills by friends in the entire game.
 D = Other kills in this place as a percentage of other kills in the entire game.
 E = Experience gained in this place as a percentage of experience gained in the entire game.
 F = Experience gained in this place divided by the number of levels of this place that you have seen.
                   A       B       C       D       E      F
               +-------+-------+-------+-------+-------+----------------------
         Total | 100.0 | 100.0 |   N/A |   N/A | 100.0 | 289.5
       Dungeon |  81.5 |  81.5 |   N/A |   N/A |  76.5 | 265.8
         Sewer |  18.5 |  18.5 |   N/A |   N/A |  23.5 | 408.0
               +-------+-------+-------+-------+-------+----------------------

Table legend: (Time is in decaauts)
 A = Elapsed time spent in this place.
 B = Non-inter-level travel time spent in this place.
 C = Inter-level travel time spent in this place.
 D = Time resting spent in this place.
 E = Time spent auto-exploring this place.
 F = Levels seen in this place.
 G = Mean time per level.
                   A        B        C        D        E       F      G
               +--------+--------+--------+--------+--------+-----+--------+
         Total |   6468 |   6353 |    115 |    216 |   4859 |   6 | 1078.0 |
       Dungeon |   5003 |   4888 |    115 |     28 |   3932 |   5 | 1000.6 |
         Sewer |   1465 |   1465 |      0 |    188 |    927 |   1 | 1465.0 |
               +--------+--------+--------+--------+--------+-----+--------+

Top non-repeatable levels by time:
   Sewer: 1465 daAuts
     D:4: 1271 daAuts
     D:3: 1150 daAuts
     D:1: 975 daAuts
     D:5: 897 daAuts
     D:2: 709 daAuts
